 Dungeon Crawl Stone Soup version 0.30-a0-568-g124715a40b (webtiles) character file.

Game seed: 1690052283501295449

1855 billz999 the Fighter (level 9, -12/73 HPs)
             Began as a Djinni Ice Elementalist on Dec 29, 2022.
             Mangled by Joseph
             ... wielding a +2 quarterstaff of holy wrath
              (14 damage)
             ... on level 7 of the Dungeon.
             The game lasted 00:15:55 (7324 turns).

billz999 the Fighter (Djinni Ice Elementalist)      Turns: 7324, Time: 00:15:56

Health: -12/73     AC:  4    Str: 11    XL:     9   Next: 34%
Gold:   325        EV: 12    Int: 21    God:
                   SH:  5    Dex: 14

rFire   + + .      SeeInvis +    h - +2 whip (vamp)
rCold   x . .      Faith    .    (no shield)
rNeg    . . .      Spirit   .    a - +0 robe
rPois   ∞          Reflect  +    u - +0 helmet
rElec   .          Harm     .    (no cloak)
rCorr   .          Rampage  .    x - +0 pair of gloves
Will    .....                    (boots unavailable)
Stlth   ++                       d - amulet of reflection
HPRegen 0.32/turn                s - ring "Kith" {Str+4 SInv}
MPRegen 0.00/turn                B - ring of wizardry

@: attractive, flying, very slightly contaminated
A: sickness immunity, fire resistance 2, cold vulnerability 1, float, innate
caster, HP casting, extra vitality 1
a: no special abilities


You were on level 7 of the Dungeon.
You visited 2 branches of the dungeon, and saw 8 of its levels.
You also visited: Sewer.

You collected 325 gold pieces.

Inventory:

Hand Weapons
 h - a +2 vampiric whip (weapon)
 F - a +0 dagger of electrocution
Missiles
 E - 3 curare-tipped darts
Armour
 a - a +0 robe (worn)
 u - a +0 helmet (worn)
 x - a +0 pair of gloves (worn)
Jewellery
 d - an amulet of reflection (around neck)
 g - the ring "Xotzaty" {Fly rElec Will++ rCorr Str-5}
   (You acquired it on level 3 of the Dungeon)

   [ring of resist corrosion]

   Str:       It affects your strength (-5).
   rElec:     It insulates you from electricity.
   Fly:       It grants you flight.
   rCorr:     It protects you from acid and corrosion.
   Will:      It greatly increases your willpower.
 s - the ring "Kith" (left hand) {Str+4 SInv}
   (You acquired it in a sewer)

   [ring of see invisible]

   Str:       It affects your strength (+4).
   SInv:      It lets you see invisible.
 A - a +4 ring of protection
 B - a ring of wizardry (right hand)
Wands
 C - a wand of polymorph (12)
Scrolls
 f - 4 scrolls of enchant weapon
 j - 2 scrolls of fear {unknown}
 k - 2 scrolls of blinking
 m - 5 scrolls of teleportation {unknown}
 n - 5 scrolls of identify
 t - a scroll of vulnerability {unknown}
 v - 2 scrolls of enchant armour {unknown}
 y - a scroll of magic mapping {unknown}
Potions
 b - a potion of magic
 c - 3 potions of attraction
 e - 5 potions of haste {unknown}
 i - 2 potions of degeneration {unknown}
 l - 2 potions of curing
 o - a potion of cancellation {unknown}
 p - 3 potions of might {unknown}
 q - 7 potions of heal wounds {unknown}
 r - 2 potions of mutation {unknown}
 w - a potion of flight {unknown}
 z - a potion of lignification {unknown}
 D - a potion of berserk rage {unknown}


   Skills:
 + Level 9.5 Fighting
 - Level 2.1 Dodging
 - Level 1.5 Stealth
 - Level 6.0 Spellcasting


You had one spell level left.
You knew the following spells:

 Your Spells              Type           Power      Damage    Failure   Level
a - Freeze                Ice            100%       1d10      1%          1
b - Frozen Ramparts       Ice            62%        1d10      1%          3
c - Ozocubu's Armour      Ice            31%        N/A       1%          3
d - Summon Ice Beast      Ice/Summ       31%        N/A       3%          4
e - Beastly Appendage     Tmut           62%        N/A       1%          1
f - Passwall              Tmut/Erth      25%        N/A       1%          2
g - Searing Ray           Conj           62%        2d6       1%          2
h - Hailstorm             Conj/Ice       31%        3d8       1%          3
Your spell library was empty.

Dungeon Overview and Level Annotations

Branches:
Dungeon (7/15)             Temple (1/1) D:5           Sewer (visited)

Altars:
Ashenzari
Elyvilon
Fedhas
Gozag
Hepliaklqana
Nemelex Xobeh
Okawaru
Qazlal
Ru
Uskayaw
Wu Jian
Xom
Yredelemnul
The Shining One

Shops:
D:2 (

Annotations:
D:7 Joseph


Innate Abilities, Weirdness & Mutations

You are immune to sickness and miasma.
You are immune to poison.
Your flesh is very heat resistant. (rF++)
You are vulnerable to cold. (rC-)
You float through the air rather than walking.
You learn spells naturally, not from books.
Your magical power is your life essence.
You have superior vitality. (+4 MHP)


Message History

Restarting spell: Searing Ray (safe; 1% risk of failure)
Press: ? - help, Shift-Dir - straight line, f/p - Joseph
Aim: Joseph, wielding a +2 quarterstaff of holy wrath and wearing a +0 ring mail (severely wounded, 82% to hit)
The searing ray hits Joseph.
Joseph is severely wounded. (Press . to maintain the ray.) Joseph hits you with a +2 quarterstaff of holy wrath!
Casting: Searing Ray (safe; 1% risk of failure)
Confirm with . or Enter, or press ? or * to list all spells.
Restarting spell: Searing Ray (safe; 1% risk of failure)
Press: ? - help, Shift-Dir - straight line, f/p - Joseph
Aim: Joseph, wielding a +2 quarterstaff of holy wrath and wearing a +0 ring mail (severely wounded, 82% to hit)
You miscast Searing Ray.
You are very lightly contaminated with residual magic.
Nothing appears to happen.
You block Joseph's attack.
Casting: Searing Ray (safe; 1% risk of failure)
Confirm with . or Enter, or press ? or * to list all spells.
Aiming: Searing Ray (safe; 1% risk of failure)
Press: ? - help, Shift-Dir - straight line, f/p - Joseph
Aim: Joseph, wielding a +2 quarterstaff of holy wrath and wearing a +0 ring mail (severely wounded, 82% to hit)
The searing ray misses Joseph. (Press . to maintain the ray.) Joseph hits you with a +2 quarterstaff of holy wrath!
* * * LOW HITPOINT WARNING * * *
Casting: Searing Ray (safe; 1% risk of failure)
Confirm with . or Enter, or press ? or * to list all spells.
Restarting spell: Searing Ray (safe; 1% risk of failure)
Press: ? - help, Shift-Dir - straight line, f/p - Joseph
Aim: Joseph, wielding a +2 quarterstaff of holy wrath and wearing a +0 ring mail (severely wounded, 82% to hit)
The searing ray hits Joseph.
Joseph is severely wounded. (Press . to maintain the ray.)
* * * LOW HITPOINT WARNING * * *
Joseph hits you with a +2 quarterstaff of holy wrath!
* * * LOW HITPOINT WARNING * * *
Unknown command.
It was a potion of attraction.
You feel attractive to monsters.
Joseph hits you with a +2 quarterstaff of holy wrath!
You die...

##. #.. ..# #.....
. .. ..@#.##.# #.
#..>.##.##.#
...#..#.##.##.#
#....#.##.##.#
##....##@##.#
#.....##@##.#
#!@.[..#.# ########
##.....#.###......#
##.#.....##..(...#
#.#..#...#......#
#.#.............#
#.#.##.##....>..#
#.#.##.###.....<#


You could see Joseph.

Vanquished Creatures
  Sigmund (D:3)
  A water moccasin (D:5)
  A black bear (D:5)
  A phantom (D:6)
  2 kobold brigands (Sewer)
  2 scorpions (D:6)
  A vampire bat (D:3)
  2 hounds
  4 orc priests
  4 iguanas
  5 orc wizards (D:5)
  A river rat (D:3)
  5 adders
  An ufetubus (D:4)
  5 worms
  4 dart slugs
  3 fire bats (D:3)
  17 orcs
  2 spectral bats (D:3)
  6 ball pythons
  3 bat skeletons (D:3)
  A bat zombie (D:3)
  11 endoplasms
  2 giant cockroaches
  8 goblins
  5 hobgoblins
  20 kobolds
  2 quokkas
  15 bats
  A bat simulacrum (D:3)
  2 frilled lizards
  9 rats
147 creatures vanquished.

Vanquished Creatures (collateral kills)
  A black bear (D:5)
  An ogre (D:5)
  A kobold brigand (Sewer)
  A necrophage (D:5)
  A scorpion (D:4)
  2 jellies (D:5)
  An iguana (D:5)
  6 orcs (D:5)
  An endoplasm (D:4)
  A quokka (D:4)
  A kobold (Sewer)
  A rat (Sewer)
18 creatures vanquished.

Vanquished Creatures (others)
  A butterfly (D:3)
1 creature vanquished.

Grand Total: 166 creatures vanquished

Notes
Turn   | Place    | Note
-------+----------+-------------------------------------------
     0 | D:1      | billz999 the Djinni Ice Elementalist began the quest for
                  | the Orb.
     0 | D:1      | billz999 set off with the following spells memorised:
                  | Freeze, Frozen Ramparts, Ozocubu's Armour, Summon Ice
                  | Beast.
     0 | D:1      | Reached XP level 1. HP: 15/15 MP: 0/0
    56 | D:1      | Found a faded altar of an unknown god.
   407 | D:1      | Reached XP level 2. HP: 20/21 MP: 0/0
   832 | D:2      | Reached XP level 3. HP: 25/25 MP: 0/0
   832 | D:2      | Learned a level 1 spell: Beastly Appendage
  1104 | D:2      | Reached XP level 4. HP: 14/31 MP: 0/0
  1330 | D:2      | Found Ycsimp's Weapon Shoppe.
  1403 | D:2      | Found a glowing golden altar of the Shining One.
  1832 | D:3      | Identified a scroll of acquirement
  1833 | D:3      | Acquired the ring "Xotzaty" {Fly rElec Will++ rCorr Str-5}
  1847 | D:3      | Found a glowing drain.
  1986 | Sewer    | Entered a sewer
  1994 | Sewer    | Reached XP level 5. HP: 33/35 MP: 0/0
  1994 | Sewer    | Learned a level 2 spell: Passwall
  2042 | Sewer    | Noticed a kobold brigand
  2042 | Sewer    | Noticed a kobold brigand
  2072 | Sewer    | Killed a kobold brigand
  2073 | Sewer    | Reached skill level 5 in Spellcasting
  2074 | Sewer    | Killed a kobold brigand
  2075 | Sewer    | Reached XP level 6. HP: 24/40 MP: 0/0
  2216 | Sewer    | Acquired the ring "Kith" {Str+4 SInv}
  2681 | D:3      | Found a white marble altar of Elyvilon.
  2897 | D:3      | Found a glowing golden altar of the Shining One.
  2897 | D:3      | Noticed Sigmund
  2904 | D:3      | Killed Sigmund
  2905 | D:3      | Reached skill level 3 in Fighting
  2905 | D:3      | Reached XP level 7. HP: 39/50 MP: 0/0
  2905 | D:3      | Learned a level 2 spell: Searing Ray
  3226 | D:3      | Reached skill level 4 in Fighting
  3589 | D:4      | Reached XP level 8. HP: 50/58 MP: 0/0
  3879 | D:4      | Reached skill level 5 in Fighting
  4337 | D:5      | Entered Level 5 of the Dungeon
  4394 | D:5      | Found a staircase to the Ecumenical Temple.
  4516 | Temple   | Entered the Ecumenical Temple
  4855 | D:5      | Reached skill level 6 in Fighting
  4883 | D:5      | Found an iron altar of Okawaru.
  4979 | D:5      | Reached skill level 7 in Fighting
  5440 | D:5      | Reached skill level 8 in Fighting
  5442 | D:5      | Reached XP level 9. HP: 41/70 MP: 0/0
  5442 | D:5      | Learned a level 3 spell: Hailstorm
  6257 | D:6      | Reached skill level 9 in Fighting
  7297 | D:7      | Noticed Joseph
  7323 | D:7      | HP: 2/73 [Joseph/+2 quarterstaff of holy wrath (10)]
  7324 | D:7      | Mangled by Joseph

Illustrated notes

Levels and vault maps discovered:
D:1:      erik_arrival_orb_chamber, layout_loops_corners,
          ebering_ecumenical_altar_petrified
D:2:      layout_basic, serial_shops, shop, basic_altar,
          minmay_misc_feat_encased, serial_park_tiny_pond, minmay_joined_circles
D:3:      layout_basic, lemuel_coloured_pillars_altar,
          nicolae_elyvilon_peaceful_grove, cheibrodos_sewer_entry_sluice,
          goddamned_bats, uniq_sigmund
D:4:      layout_basic, minmay_door_square
D:5:      layout_layer_cave, mainiacjoe_overflow_alcove_4, lemuel_tele_altar,
          minmay_temple_entry_sparse_star
D:6:      cheibrodos_quashed, layout_basic
D:7:      layout_rooms, uniq_joseph
Temple:   hellmonk_temple_forest_ring

Skill      XL: |  1  2  3  4  5  6  7  8  9 |
---------------+----------------------------+-----
Spellcasting   | 4 5 6 |  6.0
Fighting       | 3 4 8 9 |  9.5
Dodging        | |  2.1
Stealth        | |  1.5

Action                   |  1- 3 |  4- 6 |  7- 9 || total
-------------------------+-------+-------+-------++-------
Melee: Whip              |    14 |    21 |    19 ||    54
       Headbutt          |       |     2 |       ||     2
       Punch             |       |       |     1 ||     1
 Cast: Freeze            |    32 |    30 |    16 ||    78
       Frozen Ramparts   |     7 |    16 |    33 ||    56
       Beastly Appendage |     1 |     2 |       ||     3
       Summon Ice Beast  |       |     4 |    11 ||    15
       Ozocubu's Armour  |       |     2 |       ||     2
       Searing Ray       |       |       |    79 ||    79
  Use: Scroll            |     1 |     4 |       ||     5
       Potion            |       |       |     1 ||     1
 Stab: Sleeping          |     1 |     2 |       ||     3
Armor: Robe              |     8 |     6 |    25 ||    39
Dodge: Dodged            |    12 |    21 |    38 ||    71
Block: Other             |       |     2 |    16 ||    18
       Reflection        |       |     1 |     1 ||     2

Table legend: (Time is in decaauts)
 A = Elapsed time spent in this place.
 B = Non-inter-level travel time spent in this place.
 C = Inter-level travel time spent in this place.
 D = Time resting spent in this place.
 E = Time spent auto-exploring this place.
 F = Levels seen in this place.
 G = Mean time per level.
                   A        B        C        D        E       F      G
               +--------+--------+--------+--------+--------+-----+--------+
         Total |   7326 |   7076 |    250 |    169 |   5911 |   9 |  814.0 |
       Dungeon |   6704 |   6479 |    225 |    148 |   5479 |   7 |  957.7 |
        Temple |    165 |    140 |     25 |      0 |    130 |   1 |  165.0 |
         Sewer |    455 |    455 |      0 |     21 |    302 |   1 |  455.0 |
               +--------+--------+--------+--------+--------+-----+--------+

Top non-repeatable levels by time:
     D:5: 1489 daAuts
     D:6: 1286 daAuts
     D:3: 1265 daAuts
     D:2: 1057 daAuts
     D:4: 785 daAuts
     D:1: 775 daAuts
   Sewer: 455 daAuts
  Temple: 165 daAuts
     D:7: 44 daAuts
